 Dungeon Crawl Stone Soup version 0.27-a0-797-g27d10ad80f (webtiles) character file.

Game seed: 12462634889190569300

26 dickylongcocking the Ducker (level 3, -5/28 HPs)
             Began as a Djinni Gladiator on Mar 27, 2021.
             Slain by Sigmund
             ... wielding a +0 scythe
              (11 damage)
             ... on level 2 of the Dungeon.
             The game lasted 00:01:00 (1227 turns).

dickylongcocking the Ducker (Djinni Gladiator)      Turns: 1227, Time: 00:01:01

Health: -5/28      AC:  7    Str: 14    XL:     3   Next: 8%
Gold:   78         EV:  9    Int:  9    God:
                   SH:  7    Dex: 14

rFire    + + .     SeeInvis .   a - +0 long sword
rCold    x . .     Faith    .   f - +0 kite shield
rNeg     . . .     Spirit   .   g - +0 ring mail
rPois    ∞         Reflect  .   c - +1 helmet
rElec    .         Harm     .   (no cloak)
rCorr    .         Rampage  .   (no gloves)
Will     .....                  (boots unavailable)
Stlth    ..........             (no amulet)
HPRegen  0.09/turn              (no ring)
MPRegen  0.00/turn              (no ring)

@: silenced, flying
A: fire resistance 2, cold vulnerability 1, float, innate caster, hp casting,
extra vitality 1
a: no special abilities


You were on level 2 of the Dungeon.
You visited 1 branch of the dungeon, and saw 2 of its levels.

You collected 78 gold pieces.

Inventory:

Hand Weapons
 a - a +0 long sword (weapon)
Missiles
 d - 3 throwing nets (quivered)
Armour
 b - a +0 leather armour
 c - a +1 helmet (worn)
 f - a +0 kite shield (worn)
 g - a +0 ring mail (worn)
Scrolls
 e - 2 scrolls of silence


   Skills:
 - Level 2.0 Fighting
 * Level 3.1 Long Blades
 - Level 1.5 Throwing
 * Level 1.2 Armour
 - Level 3.2 Dodging
 * Level 1.2 Shields


You had one spell level left.
You knew the following spells:

 Your Spells              Type           Power      Damage    Failure   Level
a - Summon Small Mammal   Summ           0%         N/A       99%         1
Your spell library was empty.

Dungeon Overview and Level Annotations

Branches:
Dungeon (2/15)

Altars:

Annotations:
D:2 Natasha, Sigmund


Innate Abilities, Weirdness & Mutations

You are immune to poison.
Your flesh is very heat resistant. (rF++)
You are vulnerable to cold. (rC-)
You float through the air rather than walking.
You learn spells naturally, not from books.
Your magical power is your life essence.
You have superior vitality. (+4 HP)


Message History

Nothing appears to happen.
Sigmund points at himself and mumbles some strange words.
Sigmund flickers and vanishes!
Deactivating autopickup; reactivate with Ctrl-A.
Natasha claws you.
Unknown command.
As you read the scroll labelled DYVUVV TEAVA, it crumbles to dust.
You feel aware of your surroundings.
You sensed 1 altar.
It was a scroll of magic mapping.
Natasha barely misses you.
Unknown command.
As you read the scroll labelled VOISOSSOASK, it crumbles to dust.
A profound silence engulfs you.
It was a scroll of silence.
You block Natasha's attack. Something hits you but does no damage.
You slash Natasha!
Natasha is severely wounded.
Natasha claws you but does no damage. Something hits you but does no damage.
You block Natasha's attack. Something hits you!
Unknown command.
You hit Natasha but do no damage.
Natasha is severely wounded.
Natasha closely misses you. You block something's attack.
You hit Natasha but do no damage.
Natasha is severely wounded.
Natasha claws you but does no damage. Something hits you.
* * * LOW HITPOINT WARNING * * *
Something hits you.
* * * LOW HITPOINT WARNING * * *
You block Natasha's attack.
Your magical contamination has completely faded away.
Unknown command.
Unknown command.
You aren't carrying any potions.
Unknown command.
You aren't carrying any items that you can evoke.
Unknown command.
Okay, then.
You closely miss Natasha.
Natasha is severely wounded.
Natasha barely misses you. Something hits you!
You die...

,,,,,* *,*,,,*,* *,*
,,,,,****,*,,,#.# ###*,####
,,,,,,,,*,,,,,..#***#..,,,..#####
**,****>***,,,#..,,,..##,*#.#....
**,****,****,*#.#***#.##.##.#.#..
,,,*,,,,..##,##.#####.##......<..
**,*,**,....>#.....##.#####.#.#..
*,*,**,........##.##.#####.#.###
*,,,,,,,#,***#.@...........#.###
***,***,#.***#h##.##########....
**,* *,,..,*#{##........* #####
**,,* **#.#.##.##..#####.* *,*,*
#......##..#****,* **,**
#.....###...,,,,,*
***,*****#.....# ##..#,**,*
*,,,,,,,*#.....# *..#,**,*
*,*,***,*#....?# *...,,,,*


You could see Natasha.

Vanquished Creatures
  A ball python (D:1)
  A bat (D:1)
  2 endoplasms (D:1)
  2 hobgoblins (D:1)
  4 jackals (D:1)
  2 frilled lizards (D:1)
  4 goblins (D:1)
  6 kobolds (D:1)
  2 rats
24 creatures vanquished.

Notes
Turn   | Place    | Note
-------+----------+-------------------------------------------
     0 | D:1      | dickylongcocking the Djinni Gladiator began the quest for
                  | the Orb.
     0 | D:1      | Reached XP level 1. HP: 18/18 MP: 0/0
   130 | D:1      | Reached XP level 2. HP: 21/23 MP: 0/0
   318 | D:1      | Reached skill level 1 in Shields
   324 | D:1      | Reached skill level 1 in Armour
   570 | D:1      | Reached XP level 3. HP: 13/28 MP: 0/0
   570 | D:1      | Learned a level 1 spell: Summon Small Mammal
  1211 | D:2      | Noticed Sigmund
  1212 | D:2      | Noticed Natasha
  1227 | D:2      | Slain by Sigmund

Illustrated notes

Levels and vault maps discovered:
D:1:      giann_horns, layout_rooms, minivault_11, minmay_heptomino_l4
D:2:      layout_loops_cross, lemuel_round_altar, uniq_terence, uniq_natasha,
          uniq_crazy_yiuf_cottage, uniq_sigmund

Skill      XL: |  1  2 |
---------------+-------+-----
Long Blades    | 3 |  3.1
Shields        | 1 |  1.2
Armour         | 1 |  1.2
Fighting       | |  2.0
Throwing       | |  1.5
Dodging        | |  3.2

Action                   || total
-------------------------++-------
Melee: Long sword        ||    61
  Use: Scroll            ||     3
       Potion            ||     1
Armor: Ring mail         ||    32
       Leather armour    ||     1
Dodge: Dodged            ||    39
Block: Kite shield       ||    33
       Rpst.: Long sword ||     9

Table legend: (Time is in decaauts)
 A = Elapsed time spent in this place.
 B = Non-inter-level travel time spent in this place.
 C = Inter-level travel time spent in this place.
 D = Time resting spent in this place.
 E = Time spent auto-exploring this place.
 F = Levels seen in this place.
 G = Mean time per level.
                   A        B        C        D        E       F      G
               +--------+--------+--------+--------+--------+-----+--------+
         Total |   1256 |   1244 |     12 |    380 |    674 |   2 |  628.0 |
       Dungeon |   1256 |   1244 |     12 |    380 |    674 |   2 |  628.0 |
               +--------+--------+--------+--------+--------+-----+--------+

Top non-repeatable levels by time:
     D:1: 1207 daAuts
     D:2: 49 daAuts
